 Dungeon Crawl Stone Soup version 0.30-a0-360-g447f08457e (webtiles) character file.

Game seed: 12698991931537127790

43 Armakuni the Conjurer (level 3, 0/25 HPs)
             Began as a Gnoll Conjurer on Nov 13, 2022.
             Slain by Sigmund
             ... wielding a +0 scythe
              (4 damage)
             ... on level 2 of the Dungeon.
             The game lasted 00:08:51 (1317 turns).

Armakuni the Conjurer (Gnoll Conjurer)              Turns: 1317, Time: 00:08:51

Health: 0/25       AC:  6    Str:  6    XL:     3   Next: 58%
Magic:  9/9        EV: 10    Int: 19    God:
Gold:   32         SH:  0    Dex: 10    Spells: 9/12 levels left

rFire   . . .      SeeInvis .    a - +0 rapier
rCold   . . .      Faith    .    (no shield)
rNeg    . . .      Spirit   .    j - +0 ring mail
rPois   .          Reflect  .    (no helmet)
rElec   .          Harm     .    (no cloak)
rCorr   .          Rampage  .    l - +0 pair of gloves
Will    .....                    (no boots)
Stlth   ++........               (no amulet)
HPRegen 0.24/turn                (no ring)
MPRegen 0.11/turn                (no ring)

@: mighty
A: fangs 1, strong nose, distributed training
a: no special abilities


You were on level 2 of the Dungeon.
You visited 1 branch of the dungeon, and saw 2 of its levels.

You collected 142 gold pieces.
You spent 110 gold pieces at shops.

Inventory:

Hand Weapons
 a - a +0 rapier (weapon)
Missiles
 h - 4 poisoned darts
Armour
 j - a +0 ring mail (worn)
 l - a +0 pair of gloves (worn)
Scrolls
 d - a scroll of enchant weapon {unknown}
 f - a scroll of fear {unknown}
Potions
 b - a potion of magic
 c - a potion of heal wounds {unknown}
 e - a potion of ambrosia {unknown}
 i - a potion of brilliance {unknown}
 k - a potion of cancellation {unknown}


   Skills:
 + Level 0.9 Fighting
 + Level 0.9 Short Blades
 + Level 0.9 Long Blades
 + Level 0.9 Axes
 + Level 0.9 Maces & Flails
 + Level 0.9 Polearms
 + Level 0.9 Staves
 + Level 0.9 Ranged Weapons
 + Level 0.9 Throwing
 + Level 0.9 Armour
 + Level 4.5 Dodging
 + Level 4.2 Stealth
 + Level 0.9 Shields
 + Level 0.9 Unarmed Combat
 + Level 5.0 Spellcasting
 + Level 7.1 Conjurations
 + Level 0.6 Hexes
 + Level 0.6 Summonings
 + Level 0.6 Necromancy
 + Level 0.6 Translocations
 + Level 0.6 Transmutations
 + Level 0.6 Fire Magic
 + Level 0.6 Ice Magic
 + Level 0.6 Air Magic
 + Level 0.6 Earth Magic
 + Level 0.6 Poison Magic
 + Level 1.0 Invocations
 + Level 0.9 Evocations


You had 9 spell levels left.
You knew the following spells:

 Your Spells              Type           Power      Damage    Failure   Level
a - Magic Dart            Conj           100%       1d8       2%          1
z - Searing Ray           Conj           62%        2d6       4%          2

Your spell library contained the following spells:

 Spells                   Type           Power      Damage    Failure   Level
 Dazzling Flash           Conj/Hex       38%        N/A       30%         3
 Fulminant Prism          Conj/Hex       9%         3d6       69%         4
 Iskenderun's Mystic Bla  Conj/Tloc      19%        2d6       69%         4


Dungeon Overview and Level Annotations

Branches:
Dungeon (2/15)

Altars:

Shops:
D:1 *

Annotations:
D:2 Sigmund, Terence


Innate Abilities, Weirdness & Mutations

You have very sharp teeth.
Your uncanny sense of smell can sniff out nearby items.
Your experience applies equally to all skills.


Message History

The helpless endoplasm fails to defend itself.
You puncture the endoplasm!
You kill the endoplasm!
No target in view!
Sigmund the Dreaded comes into view.
He is wielding a +0 scythe.
Found 6 gold pieces.
Sigmund hits you but does no damage.
You barely miss Sigmund. Your bite misses Sigmund.
Sigmund points at you and mumbles some strange words.
The magic dart hits you.
You feel very mighty all of a sudden. Sigmund misses you.
You closely miss Sigmund.
Sigmund points at you and mumbles some strange words.
You are confused.
You bump into the rock wall.
Sigmund closely misses you.
You bump into the rock wall.
You bump into the rock wall.
Sigmund barely misses you.
Okay, then.
You puncture Sigmund!
Sigmund is heavily wounded.
Sigmund barely misses you.
You bump into the rock wall.
You bump into the rock wall.
Sigmund barely misses you.
You bump into the rock wall.
You feel less confused.
Sigmund mumbles some strange words.
Sigmund flickers and vanishes!
Deactivating autopickup; reactivate with Ctrl-A.
You closely miss something. Your bite misses something. Something hits you!
You feel better.
You barely miss something.
You hear some strange, mumbled words.
A puff of flame appears from out of thin air!
The puff of flame hits you. Something hits you!
You puncture something! You miss something. Something hits you!
* * * LOW HITPOINT WARNING * * *
You closely miss something. Something hits you.
You die...

.#.[ P##. .# ## #. .##.
.. .#.. ##. P#.. #..
.### #.# .# ### ###{#
## ##.## #.#@#
#######...####...#####
##......#.............#
#.#####...###..######.#
#.###....## ##.#
......#### #.# #####..#
#.# # # #.# #.#


There were no monsters in sight!

Vanquished Creatures
  A ball python (D:1)
  2 bats (D:1)
  5 endoplasms
  A giant cockroach (D:2)
  2 goblins (D:1)
  3 hobgoblins (D:1)
  8 jackals
  A quokka (D:1)
  2 frilled lizards (D:1)
  7 kobolds (D:1)
  5 rats (D:1)
37 creatures vanquished.

Notes
Turn   | Place    | Note
-------+----------+-------------------------------------------
     0 | D:1      | Armakuni the Gnoll Conjurer began the quest for the Orb.
     0 | D:1      | Reached XP level 1. HP: 13/13 MP: 6/6
   147 | D:1      | Reached XP level 2. HP: 19/19 MP: 5/7
   150 | D:1      | Learned a level 2 spell: Searing Ray
   539 | D:1      | Reached skill level 5 in Spellcasting
   539 | D:1      | Reached XP level 3. HP: 25/25 MP: 3/9
   603 | D:1      | Found Awodgh's General Store.
   811 | D:1      | Bought a potion of might for 40 gold pieces
   811 | D:1      | Bought a potion of curing for 30 gold pieces
   811 | D:1      | Bought a +0 rapier for 40 gold pieces
   959 | D:1      | Reached skill level 1 in Invocations
  1183 | D:2      | Noticed Terence
  1299 | D:2      | Noticed Sigmund
  1317 | D:2      | Slain by Sigmund

Illustrated notes

Levels and vault maps discovered:
D:1:      amcnicky_arrival_choice, layout_loops_ring, serial_shops, shop_coins,
          minmay_misc_feat_diagonals, minmay_misc_feat_plants
D:2:      layout_loops_ring, shapermc_ecumenical_altar_totnotflames,
          serial_aquarium, aquarium_bridge_square [aquarium_subvault_window,
          aquarium_subvault_window, aquarium_subvault_bridge,
          aquarium_subvault_wall], aquarium_bridge_long_joined
          [aquarium_subvault_window, aquarium_subvault_balcony,
          aquarium_subvault_bridge, aquarium_subvault_window,
          aquarium_subvault_bridge, aquarium_subvault_window],
          aquarium_window_1, aquarium_window_1, aquarium_window_1,
          aquarium_view_2e, aquarium_view_2b, aquarium_pool_side,
          due_unseen_surprise, uniq_sigmund, uniq_terence, uniq_natasha

Skill      XL: |  1  2  3 |
---------------+----------+-----
Spellcasting   | 5 |  5.0
Invocations    | 1 |  1.0
Fighting       | |  0.9
Short Blades   | |  0.9
Long Blades    | |  0.9
Axes           | |  0.9
Maces & Flails | |  0.9
Polearms       | |  0.9
Staves         | |  0.9
Ranged Weapons | |  0.9
Throwing       | |  0.9
Armour         | |  0.9
Dodging        | |  4.5
Stealth        | |  4.2
Shields        | |  0.9
Unarmed Combat | |  0.9
Conjurations   | |  7.1
Hexes          | |  0.6
Summonings     | |  0.6
Necromancy     | |  0.6
Translocations | |  0.6
Transmutations | |  0.6
Fire Magic     | |  0.6
Ice Magic      | |  0.6
Air Magic      | |  0.6
Earth Magic    | |  0.6
Poison Magic   | |  0.6
Evocations     | |  0.9

Action                   || total
-------------------------++-------
Melee: Dagger            ||    13
       Unarmed           ||    10
       Spear             ||    16
       Bite              ||     4
       Punch             ||     2
       Rapier            ||    33
 Cast: Magic Dart        ||    12
       Searing Ray       ||     8
  Use: Potion            ||     2
 Stab: Sleeping          ||     7
Armor: Robe              ||     6
       Ring mail         ||    13
Dodge: Dodged            ||    33

Table legend: (Time is in decaauts)
 A = Elapsed time spent in this place.
 B = Non-inter-level travel time spent in this place.
 C = Inter-level travel time spent in this place.
 D = Time resting spent in this place.
 E = Time spent auto-exploring this place.
 F = Levels seen in this place.
 G = Mean time per level.
                   A        B        C        D        E       F      G
               +--------+--------+--------+--------+--------+-----+--------+
         Total |   1321 |   1180 |    141 |    187 |    523 |   2 |  660.5 |
       Dungeon |   1321 |   1180 |    141 |    187 |    523 |   2 |  660.5 |
               +--------+--------+--------+--------+--------+-----+--------+

Top non-repeatable levels by time:
     D:1: 1112 daAuts
     D:2: 208 daAuts
